 Dungeon Crawl Stone Soup version 0.31-a0-544-gceb718e (webtiles) character file.

Game seed: 6817366012582405434

7837 Dorkslayer the Cleaver (level 11, -8/66 HPs)
             Began as a Gargoyle Fighter on Aug 14, 2023.
             Was an Initiate of Gozag.
             Mangled by a sun demon (17 damage)
             ... summoned by an orc high priest
             ... on level 2 of the Orcish Mines on Aug 15, 2023.
             The game lasted 00:25:40 (7957 turns).

Dorkslayer the Cleaver (Gargoyle Fighter)           Turns: 7957, Time: 00:25:41

Health: -8/66      AC: 34    Str: 32    XL:     11   Next: 21%
Magic:  11/11      EV: 10    Int:  9    God:    Gozag
Gold:   1414       SH:  5    Dex: 13    Spells: 10/10 levels left

rFire   . . .        a - +0 war axe (protect)
rCold   . . .        c - +0 buckler
rNeg    + . .        C - +0 plate armour
rPois   ∞            B - +0 helmet of Privacy {rCorr Str+8 Stlth-}
rElec   +            f - +0 cloak
rCorr   +            n - +0 pair of gloves
SInv    .            s - +1 pair of boots
Will    .....        t - amulet "Coderulu" {Faith Fragile +Inv Str+4} Stlth
                     (no ring)
HPRegen 0.31/turn    (no ring)
MPRegen 0.12/turn

%: faith
@: mighty, gold aura, under a protective aura, hasted, very quick
A: sickness immunity, AC +8, negative energy resistance 1, electricity
resistance, torment resistance 1, petrification resistance
a: Renounce Religion, Evoke Invisibility, Potion Petition, Call Merchant, Bribe
Branch


You were on level 2 of the Orcish Mines.
You worshipped Gozag.
Gozag was most pleased with you.
You visited 3 branches of the dungeon, and saw 12 of its levels.

You collected 1465 gold pieces.
You paid 51 gold pieces to Gozag.

Inventory:

Hand Weapons
 a - a +0 war axe of protection (weapon)
 w - a +0 broad axe
Missiles
 b - 9 boomerangs
 F - a throwing net
Armour
 c - a +0 buckler (worn)
 f - a +0 cloak (worn)
 n - a +0 pair of gloves (worn)
 s - a +1 pair of boots (worn)
 B - the +0 helmet of Privacy (worn) {rCorr Str+8 Stlth-}
   (You found it on level 7 of the Dungeon)

   Str+8:     It affects your strength (+8).
   rCorr:     It protects you from acid and corrosion.
   Stlth-:    It makes you less stealthy.
 C - a +0 plate armour (worn)
Jewellery
 t - the amulet "Coderulu" (around neck) {Faith Fragile +Inv Str+4}
   (You took it off an orc on level 8 of the Dungeon)

   [amulet of faith]

   Faith:     It allows you to gain divine favour quickly.
   Str+4:     It affects your strength (+4).
   +Inv:      It lets you turn invisible.
   Fragile:   It will be destroyed if unequipped.
Wands
 d - a wand of polymorph (1)
 g - a wand of flame (19)
 i - a wand of mindburst (4)
 j - a wand of charming (13)
Scrolls
 m - a scroll of blinking
 o - a scroll of noise {unknown}
 p - 2 scrolls of summoning
 q - a scroll of immolation {unknown}
 v - a scroll of teleportation {unknown}
 y - a scroll of enchant weapon {unknown}
 z - a scroll of fog {unknown}
Potions
 h - 2 potions of lignification
 l - a potion of curing
 u - a potion of mutation
 x - a potion of enlightenment
 D - 2 potions of haste
 G - a potion of attraction {unknown}


   Skills:
 + Level 6.8 Fighting
 + Level 9.8 Axes
 + Level 7.2 Armour
 * Level 6.0 Dodging
 + Level 1.2 Stealth
 + Level 5.7 Shields
 * Level 6.0 Evocations


You had 10 spell levels left.
You didn't know any spells.
Your spell library contained the following spells:

 Spells                   Type           Power      Damage    Failure   Level
 Foxfire                  Conj/Fire      0%         2x1d4     98%         1
 Magic Dart               Conj           0%         1d3       98%         1
 Shock                    Conj/Air       0%         1d3       98%         1
 Searing Ray              Conj           0%         2d4       99%         2
 Gell's Gravitas          Tloc           0%         N/A       100%        3
 Swiftness                Air            0%         N/A       100%        3
 Teleport Other           Tloc           0%         N/A       100%        3
 Airstrike                Air            0%         2d(0-16)  100%        4
 Fulminant Prism          Conj/Hex       0%         3d5       100%        4
 Dispersal                Tloc           0%         N/A       100%        6
 Plasma Beam              Fire/Air       0%         2x1d10    100%        6
 Starburst                Conj/Fire      0%         6d3       100%        6


Dungeon Overview and Level Annotations

Branches:
Dungeon (9/15)             Temple (1/1) D:5            Lair (0/5) D:8
    Orc (2/2) D:9             Elf (0/3) Orc:2

Altars:
Ashenzari
Cheibriados
Dithmenos
Elyvilon
Fedhas
Gozag
Hepliaklqana
Kikubaaqudgha
Makhleb
Nemelex Xobeh
Okawaru
Qazlal
Ru
Sif Muna
Trog
Uskayaw
Vehumet
Wu Jian
Xom
Yredelemnul
Zin
The Shining One


Innate Abilities, Weirdness & Mutations

You are immune to sickness and miasma.
Your stone body is resilient. (AC +8)
You are immune to poison.
You resist negative energy. (rN+)
You are resistant to electric shocks. (rElec)
You are resistant to unholy torment.
You are immune to petrification.


Message History

The roots release their grip on the orc high priest.
Unknown command.
You feel better.
The grasping roots constrict the warg.
The roots release their grip on the warg.
The sun demon hits you but does no damage.
You hit the sun demon but do no damage.
The sun demon is moderately wounded.
The sun demon completely misses you.
You feel better.
The sun demon hits you but does no damage.
Unknown command.
You slash the sun demon!
The sun demon is moderately wounded.
The orc warrior no longer looks unusually strong.
The sun demon completely misses you.
Unknown command.
You hit the sun demon.
The sun demon is moderately wounded.
You slash the sun demon!
The sun demon is heavily wounded.
The sun demon hits you but does no damage.
The orc high priest calls down the wrath of Beogh upon you.
Beogh smites you!
* * * LOW HITPOINT WARNING * * *
You hear a howl!
You feel better.
The orc warrior looks more healthy.
A warg comes into view.
The sun demon hits you but does no damage.
You slice the sun demon!!
The sun demon is almost dead.
The sun demon hits you.
You are engulfed in flames!
* * * LOW HITPOINT WARNING * * *
The orc high priest calls upon Beogh to heal the orc warrior.
The orc warrior is healed somewhat.
Unknown command.
You feel better.
The orange demon looks more healthy.
The sun demon hits you!
* * * LOW HITPOINT WARNING * * *
You are engulfed in flames!
You die...
Your body crumbles into a pile of gold.

#.#,,,+o.oo,,,#.#
#.#,,,#...#,,,#.#
#.#***#.8.#***#.#
#.#,,,#...#,,,#.#
#.#,,,+...+,,,#.#
#.#,,,#oo4#,,,#.#
#.#**##...##**#.#
#.## #8.oo8# ##.#
#.@###..$$.###..#**
##.3o##'$'##...##*,
###o4hh.....###*,,
###48.8.### **,
##...## ** ###....#
######
###.....#####...##
###........##.......
##.......#..##.######


You could see an orc high priest (very poisoned), a sun demon (summoned), an
orange demon (summoned), 2 wargs, a red devil (summoned) and an orc warrior.

Vanquished Creatures
  3 two-headed ogres
  2 orc sorcerers
  Sigmund (D:2)
  2 wyverns
  A steam dragon (D:9)
  4 wargs
  An acid dragon (D:8)
  5 orc warriors
  2 sky beasts
  2 black bears
  2 ice beasts
  2 centaurs
  2 ogres
  2 phantoms (D:5)
  2 gnoll sergeants (D:9)
  3 scorpions
  5 bullfrogs
  11 wights
  4 howler monkeys
  3 jellies
  7 hounds
  5 orc priests
  A sleepcap (D:6)
  2 gnoll boudas
  Ijyb (D:3)
  3 iguanas (D:6)
  Natasha (thrice) (D:2)
  11 orc wizards
  Robin (D:3)
  13 gnolls
  4 adders
  A white imp (D:6)
  An ufetubus (D:4)
  3 worms
  11 dart slugs
  41 orcs
  5 endoplasms
  3 giant cockroaches
  15 goblins
  11 hobgoblins
  6 quokkas
  7 ball pythons
  6 bats
  A frilled lizard (D:1)
  5 kobolds
  4 rats (D:1)
230 creatures vanquished.

Vanquished Creatures (collateral kills)
  2 orc priests (D:8)
  An orc wizard (D:8)
  An orc (D:8)
4 creatures vanquished.

Vanquished Creatures (others)
  2 gnolls (D:9)
  An orc (D:8)
  A kobold (D:3)
4 creatures vanquished.

Grand Total: 238 creatures vanquished

Notes
Turn   | Place    | Note
-------+----------+-------------------------------------------
     0 | D:1      | Dorkslayer the Gargoyle Fighter began the quest for the
                  | Orb.
     0 | D:1      | Reached XP level 1. HP: 14/14 MP: 1/1
   158 | D:1      | Reached XP level 2. HP: 19/19 MP: 2/2
   277 | D:1      | Reached skill level 2 in Axes
   695 | D:1      | Reached XP level 3. HP: 23/23 MP: 3/3
   807 | D:2      | Noticed Natasha
   819 | D:2      | Killed Natasha
   820 | D:2      | Reached skill level 1 in Dodging
   852 | D:2      | Noticed Natasha
   858 | D:2      | Killed Natasha
   859 | D:2      | Reached XP level 4. HP: 20/29 MP: 4/4
   968 | D:2      | Reached skill level 3 in Axes
  1048 | D:2      | Noticed Sigmund
  1096 | D:2      | Killed Sigmund
  1097 | D:2      | Reached skill level 4 in Axes
  1097 | D:2      | Reached XP level 5. HP: 14/33 MP: 5/5
  1097 | D:2      | Reached XP level 6. HP: 16/38 MP: 6/6
  1166 | D:2      | Noticed Natasha
  1174 | D:2      | Killed Natasha
  1357 | D:3      | Noticed Robin
  1404 | D:3      | Killed Robin
  1458 | D:3      | Noticed Ijyb
  1471 | D:3      | Killed Ijyb
  2416 | D:4      | Noticed a sky beast
  2436 | D:4      | Killed a sky beast
  2437 | D:4      | Reached skill level 1 in Evocations
  2437 | D:4      | Reached XP level 7. HP: 33/44 MP: 7/7
  2592 | D:5      | Entered Level 5 of the Dungeon
  2806 | D:5      | Reached skill level 5 in Axes
  2846 | D:5      | Reached XP level 8. HP: 29/48 MP: 8/8
  3012 | D:5      | Found a staircase to the Ecumenical Temple.
  3212 | Temple   | Entered the Ecumenical Temple
  3238 | Temple   | Became a worshipper of Gozag Ym Sagoz the Greedy
  3634 | D:6      | Reached skill level 6 in Axes
  3708 | D:6      | Found an iron altar of Okawaru.
  3756 | D:6      | Reached skill level 5 in Fighting
  3873 | D:6      | Upgraded the game from 0.31-a0-542-gdc2a678 to
                  | 0.31-a0-544-gceb718e
  3931 | D:6      | Reached skill level 5 in Armour
  3989 | D:6      | Reached XP level 9. HP: 44/54 MP: 9/9
  4411 | D:7      | Reached skill level 5 in Shields
  4495 | D:7      | Reached skill level 7 in Axes
  4686 | D:7      | Identified the +0 helmet of Privacy {rCorr Str+8 Stlth-}
  5242 | D:8      | Noticed a two-headed ogre
  5274 | D:8      | Killed a two-headed ogre
  5275 | D:8      | Reached skill level 8 in Axes
  5275 | D:8      | Reached XP level 10. HP: 43/60 MP: 10/10
  5369 | D:8      | Identified the amulet "Coderulu" {Faith Fragile +Inv Str+4}
  5449 | D:8      | Reached skill level 5 in Dodging
  5569 | D:8      | Found a staircase to the Lair.
  5594 | D:8      | Noticed a two-headed ogre
  5604 | D:8      | Killed a two-headed ogre
  5605 | D:8      | Reached skill level 5 in Evocations
  6414 | D:9      | Noticed a two-headed ogre
  6421 | D:9      | Killed a two-headed ogre
  6422 | D:9      | Reached skill level 9 in Axes
  6422 | D:9      | Reached skill level 1 in Stealth
  6815 | D:9      | Found a staircase to the Orcish Mines.
  7276 | Orc:1    | Entered Level 1 of the Orcish Mines
  7276 | Orc:1    | Noticed an orc sorcerer
  7277 | Orc:1    | Paralysed by an orc sorcerer for 4 turns
  7288 | D:9      | Killed an orc sorcerer
  7289 | D:9      | Reached XP level 11. HP: 58/66 MP: 11/11
  7509 | Orc:2    | Entered Level 2 of the Orcish Mines
  7523 | Orc:2    | Noticed an orc sorcerer
  7530 | Orc:2    | Noticed a sixfirhy
  7668 | Orc:1    | Killed an orc sorcerer
  7924 | Orc:2    | Noticed an orc high priest
  7927 | Orc:2    | Noticed an orc warlord
  7928 | Orc:2    | Noticed a sun demon
  7957 | Orc:2    | Mangled by a sun demon

Illustrated notes

Levels and vault maps discovered:
D:1:      lemuel_arrival_rhombus, layout_loops_ring, hangedman_decor_opposing,
          serial_bayou_pond_e
D:2:      layout_rooms, nrook_mini_backslash, uniq_natasha, uniq_sigmund
D:3:      kennysheep_slugbush, layout_loops_cross, minivault_26,
          corexii_corridor_pit, uniq_ijyb, uniq_robin
D:4:      layout_rooms
D:5:      layout_gridville, minmay_temple_entry_drinking_statues
D:6:      layout_loops_ring, lemuel_tele_altar
D:7:      layout_rooms, serial_curves, eino_curves_03, eino_curves_03,
          grunt_decor_one_mirror
D:8:      layout_basic, erik_lair_orcish_takeover
D:9:      layout_stronghold, orc_0_dummy, grunt_decor_mini_mirrors
Temple:   regret_index_temple_sigil_plot
Orc:1:    layout_caves
Orc:2:    grunt_orc_community_town_hall, layout_diamond_mine,
          grunt_orc_community_big_house_2, grunt_orc_community_big_house_2,
          grunt_orc_community_house_2, grunt_orc_community_house_3,
          grunt_orc_community_house_1, grunt_orc_community_house_2,
          grunt_orc_community_house_2, grunt_orc_community_house_3

Skill      XL: |  1  2  3  4  5  6  7  8  9 10 11 |
---------------+----------------------------------+-----
Axes           | 2 4 5 6 8 9 |  9.8
Dodging        | 1 2 3 4 5 6 |  6.0
Fighting       | 4 5 6 |  6.8
Armour         | 4 5 6 7 |  7.2
Shields        | 4 5 |  5.7
Evocations     | 1 2 3 4 5 6 |  6.0
Stealth        | 1 |  1.2

Action                     |  1- 3 |  4- 6 |  7- 9 | 10-12 || total
---------------------------+-------+-------+-------+-------++-------
  Melee: War axe           |    76 |   198 |   309 |   261 ||   844
  Evoke: Wand              |       |     1 |    18 |    13 ||    32
    Use: Potion            |     1 |     5 |     1 |     7 ||    14
         Scroll            |       |     5 |     6 |     4 ||    15
   Stab: Distracted        |       |       |     1 |     2 ||     3
 Armour: Scale mail        |    55 |   137 |    56 |       ||   248
         Skin              |       |    15 |       |       ||    15
         Chain mail        |       |       |   174 |    51 ||   225
         Plate armour      |       |       |       |   177 ||   177
  Dodge: Dodged            |    47 |   110 |   154 |   102 ||   413
  Block: Buckler           |    22 |    48 |    79 |    62 ||   211

Table legend: (Time is in decaauts)
 A = Elapsed time spent in this place.
 B = Non-inter-level travel time spent in this place.
 C = Inter-level travel time spent in this place.
 D = Time resting spent in this place.
 E = Time spent auto-exploring this place.
 F = Levels seen in this place.
 G = Mean time per level.
                   A        B        C        D        E       F      G
               +--------+--------+--------+--------+--------+-----+--------+
         Total |   8151 |   8128 |     23 |    134 |   3223 |  12 |  679.2 |
       Dungeon |   7493 |   7479 |     14 |     24 |   3145 |   9 |  832.6 |
        Temple |     52 |     52 |      0 |      0 |      0 |   1 |   52.0 |
  Orcish Mines |    604 |    595 |      9 |    110 |     78 |   2 |  302.0 |
               +--------+--------+--------+--------+--------+-----+--------+

Top non-repeatable levels by time:
     D:9: 1292 daAuts
     D:8: 1138 daAuts
     D:5: 950 daAuts
     D:3: 903 daAuts
     D:1: 835 daAuts
     D:6: 826 daAuts
     D:7: 576 daAuts
     D:2: 539 daAuts
     D:4: 431 daAuts
   Orc:1: 312 daAuts
   Orc:2: 292 daAuts
  Temple: 52 daAuts
